 Dungeon Crawl Stone Soup version 0.31-a0-667-g39726597b9 (webtiles) character file.

Game seed: 11612836639028268038

98 maybesocks the Ducker (level 4, -9/34 HPs)
             Began as a Gnoll Wanderer on Sept 4, 2023.
             Mangled by a kobold brigand
             ... wielding a +2 whip of electrocution
              (18 damage)
             ... in a sewer.
             The game lasted 00:10:28 (2038 turns).

maybesocks the Ducker (Gnoll Wanderer)              Turns: 2038, Time: 00:10:29

Health: -9/34      AC:  9    Str:  8    XL:     4   Next: 69%
Magic:  8/8        EV: 11    Int: 14    God:
Gold:   132        SH:  0    Dex: 14    Spells: 9/9 levels left

rFire   . . .        p - +2 hammer (drain)
rCold   . . .        (no shield)
rNeg    . . .        l - +0 ring mail
rPois   .            m - +0 helmet
rElec   .            o - +0 cloak
rCorr   .            (no gloves)
SInv    .            b - +0 pair of boots
Will    .....        c - amulet of regeneration
Stlth   +            (no ring)
HPRegen 1.05/turn    (no ring)
MPRegen 0.11/turn

%: no passive effects
@: brilliant, very slow
A: fangs 1, strong nose, distributed training
a: no special abilities


You were in a sewer.
You visited 1 branch of the dungeon, and saw 3 of its levels.
You also visited: Sewer.

You collected 132 gold pieces.

Inventory:

Hand Weapons
 a - a +0 shortbow
 e - a +0 trident
 k - a +0 war axe
 p - a +2 hammer of draining (weapon)
Armour
 b - a +0 pair of boots (worn)
 d - a +0 robe
 l - a +0 ring mail (worn)
 m - a +0 helmet (worn)
 o - a +0 cloak (worn)
Jewellery
 c - an amulet of regeneration (around neck)
 g - a +5 ring of evasion
 C - a ring of resist corrosion
Scrolls
 f - a scroll of butterflies {unknown}
 i - 2 scrolls of immolation {unknown}
 r - a scroll of identify {unknown}
Potions
 h - a potion of enlightenment {unknown}
 j - a potion of heal wounds {unknown}
 n - a potion of brilliance


   Skills:
 + Level 2.8 Fighting
 + Level 1.2 Short Blades
 + Level 1.2 Long Blades
 + Level 1.2 Axes
 + Level 1.2 Maces & Flails
 + Level 1.2 Polearms
 + Level 1.2 Staves
 + Level 4.7 Ranged Weapons
 + Level 1.2 Throwing
 + Level 4.7 Armour
 + Level 4.7 Dodging
 + Level 1.2 Stealth
 + Level 1.2 Shields
 + Level 1.2 Unarmed Combat
 + Level 3.0 Spellcasting
 + Level 1.0 Conjurations
 + Level 1.0 Hexes
 + Level 1.0 Summonings
 + Level 2.3 Necromancy
 + Level 1.0 Translocations
 + Level 1.0 Transmutations
 + Level 1.0 Fire Magic
 + Level 1.0 Ice Magic
 + Level 1.0 Air Magic
 + Level 1.0 Earth Magic
 + Level 1.0 Poison Magic
 + Level 2.9 Invocations
 + Level 1.2 Evocations
 + Level 1.1 Shapeshifting


You had 9 spell levels left.
You didn't know any spells.
Your spell library contained the following spells:

 Spells                   Type           Power      Damage    Failure   Level
 Sublimation of Blood     Necr           12%        N/A       34%         2
 Cigotuvi's Dreadful Rot  Necr/Pois/Air  18%        N/A       45%         2


Dungeon Overview and Level Annotations

Branches:
Dungeon (3/15)              Sewer (1/1)

Altars:

Annotations:
D:2 1 runed translucent door, Crazy Yiuf


Innate Abilities, Weirdness & Mutations

You have very sharp teeth.
Your uncanny sense of smell can sniff out nearby items.
Your experience applies equally to all skills.


Message History

The jackal splashes around in the water.
Health restored: 34 You shoot an arrow.
The arrow hits the kobold brigand.
The kobold brigand is moderately wounded.
You shoot an arrow. The arrow hits the kobold brigand.
The kobold brigand is moderately wounded.
The kobold brigand splashes around in the water.
You shoot an arrow. The arrow hits the kobold brigand!
The kobold brigand is severely wounded.
The kobold brigand hits you with a +2 whip of electrocution.
You are electrocuted!
You take 15 damage, and have 19/34 hp.
MASSIVE DAMAGE!!
You are too injured to fight recklessly!
You are too injured to fight recklessly!
You are too injured to fight recklessly!
You are too injured to fight recklessly!
You are too injured to fight recklessly!
You are too injured to fight recklessly!
It was a potion of brilliance.
You feel clever all of a sudden. The kobold brigand misses you.
The jackal pauses to sniff the water.
You feel better.
The kobold brigand hits you but does no damage.
You are electrocuted!
You take 5 damage, and have 15/34 hp.
You are too injured to fight recklessly!
You sense an unholy aura.
p - a +2 hammer of draining (weapon)
The kobold brigand hits you with a +2 whip of electrocution.
You take 4 damage, and have 11/34 hp.
Your unstable footing causes you to fumble your attack.
The kobold brigand misses you.
You regained 2 hp, and now have 13/34 hp.
Your unstable footing causes you to fumble your attack.
The kobold brigand hits you with a +2 whip of electrocution.
* * * LOW HITPOINT WARNING * * *
You are electrocuted!!
Ouch! That really hurt!
You die...

#~ #### ..~ #~ #..#
~~~ #~#########~##
.~~. #~#~~~~~@KhK.#
.~.K~#~#########.##
..~~~#K#~.#~#...P##
~~.~K.P..~#~#~.P..#
~~~~..PK~.#~#~.~..#
~.~...K~~.#~#~~.~P#
~~.#~#~~~.#~#§hK~##
# # ###~.K.~~...#
####~..~.##


You could see a kobold brigand, a jackal and a kobold.

Vanquished Creatures
  3 adders
  A dart slug (D:1)
  4 bats
  9 endoplasms
  A giant cockroach (D:3)
  5 goblins
  5 hobgoblins
  6 jackals
  5 quokkas
  9 ball pythons
  3 frilled lizards
  4 kobolds
  6 rats
61 creatures vanquished.

Notes
Turn   | Place    | Note
-------+----------+-------------------------------------------
     0 | D:1      | maybesocks the Gnoll Wanderer began the quest for the Orb.
     0 | D:1      | maybesocks set off with the following items: a +0 shortbow,
                  | a +0 pair of boots, a +0 robe, a scroll of blinking; and
                  | the following spells available to memorise: Sublimation of
                  | Blood, Cigotuvi's Dreadful Rot.
     0 | D:1      | Reached XP level 1. HP: 17/17 MP: 4/4
   159 | D:1      | Reached XP level 2. HP: 23/23 MP: 5/5
   574 | D:1      | Reached XP level 3. HP: 28/28 MP: 7/7
  1019 | D:2      | Reached skill level 1 in Short Blades
  1019 | D:2      | Reached skill level 1 in Long Blades
  1019 | D:2      | Reached skill level 1 in Axes
  1019 | D:2      | Reached skill level 1 in Maces & Flails
  1019 | D:2      | Reached skill level 1 in Polearms
  1019 | D:2      | Reached skill level 1 in Staves
  1019 | D:2      | Reached skill level 1 in Throwing
  1019 | D:2      | Reached skill level 1 in Stealth
  1019 | D:2      | Reached skill level 1 in Shields
  1019 | D:2      | Reached skill level 1 in Unarmed Combat
  1019 | D:2      | Reached skill level 1 in Evocations
  1113 | D:2      | Reached XP level 4. HP: 34/34 MP: 8/8
  1120 | D:2      | Found a runed translucent door.
  1121 | D:2      | Noticed Crazy Yiuf
  1157 | D:2      | Reached skill level 1 in Shapeshifting
  1929 | D:3      | Found a glowing drain.
  1944 | D:3      | Reached skill level 1 in Conjurations
  1944 | D:3      | Reached skill level 1 in Hexes
  1944 | D:3      | Reached skill level 1 in Summonings
  1944 | D:3      | Reached skill level 1 in Translocations
  1944 | D:3      | Reached skill level 1 in Transmutations
  1944 | D:3      | Reached skill level 1 in Fire Magic
  1944 | D:3      | Reached skill level 1 in Ice Magic
  1944 | D:3      | Reached skill level 1 in Air Magic
  1944 | D:3      | Reached skill level 1 in Earth Magic
  1944 | D:3      | Reached skill level 1 in Poison Magic
  1949 | Sewer    | Entered a sewer
  2002 | Sewer    | Noticed a kobold brigand
  2038 | Sewer    | Mangled by a kobold brigand

Illustrated notes

Levels and vault maps discovered:
D:1:      pf_arrival_petrified_forest, layout_basic
D:2:      layout_basic, serial_forest, infiniplex_forest_lined_2,
          infiniplex_forest_clump_curved, infiniplex_forest_end_3,
          infiniplex_forest_fountain, infiniplex_forest_clump_tiny,
          infiniplex_forest_lined_2, infiniplex_forest_end_2,
          infiniplex_forest_clump_double, infiniplex_forest_lined_1,
          uniq_crazy_yiuf_cottage
D:3:      layout_rooms, amcnicky_altar_gilded, portal_sewer_entry_f
Sewer:    sewer_co_scattered_pipes

Skill      XL: |  1  2  3  4 |
---------------+-------------+-----
Necromancy     | 2 |  2.3
Short Blades   | 1 |  1.2
Long Blades    | 1 |  1.2
Axes           | 1 |  1.2
Maces & Flails | 1 |  1.2
Polearms       | 1 |  1.2
Staves         | 1 |  1.2
Throwing       | 1 |  1.2
Stealth        | 1 |  1.2
Shields        | 1 |  1.2
Unarmed Combat | 1 |  1.2
Evocations     | 1 |  1.2
Shapeshifting  | 1 |  1.1
Spellcasting   | 3 |  3.0
Conjurations   | 1 |  1.0
Hexes          | 1 |  1.0
Summonings     | 1 |  1.0
Translocations | 1 |  1.0
Transmutations | 1 |  1.0
Fire Magic     | 1 |  1.0
Ice Magic      | 1 |  1.0
Air Magic      | 1 |  1.0
Earth Magic    | 1 |  1.0
Poison Magic   | 1 |  1.0
Fighting       | |  2.8
Ranged Weapons | |  4.7
Armour         | |  4.7
Dodging        | |  4.7
Invocations    | |  2.9

Action                     |  1- 3 |  4- 6 || total
---------------------------+-------+-------++-------
  Melee: Mace              |       |     2 ||     2
   Fire: Shortbow          |   111 |    81 ||   192
    Use: Potion            |       |     3 ||     3
         Scroll            |       |     1 ||     1
 Armour: Ring mail         |    23 |    35 ||    58
         Robe              |     7 |       ||     7
  Dodge: Dodged            |    45 |    45 ||    90

Table legend: (Time is in decaauts)
 A = Elapsed time spent in this place.
 B = Non-inter-level travel time spent in this place.
 C = Inter-level travel time spent in this place.
 D = Time resting spent in this place.
 E = Time spent auto-exploring this place.
 F = Levels seen in this place.
 G = Mean time per level.
                   A        B        C        D        E       F      G
               +--------+--------+--------+--------+--------+-----+--------+
         Total |   2098 |   2098 |      0 |      7 |   1268 |   4 |  524.5 |
       Dungeon |   1992 |   1992 |      0 |      7 |   1239 |   3 |  664.0 |
         Sewer |    106 |    106 |      0 |      0 |     29 |   1 |  106.0 |
               +--------+--------+--------+--------+--------+-----+--------+

Top non-repeatable levels by time:
     D:2: 986 daAuts
     D:1: 737 daAuts
     D:3: 268 daAuts
   Sewer: 106 daAuts
